 Dungeon Crawl Stone Soup version 0.28.0-53-g5a82cb258f (webtiles) character file.

Game seed: 16251871509397539216

7695 pkoi the Martial Artist (level 10, -3/83 HPs)
             Began as a Demigod Gladiator on May 25, 2022.
             Slain by an orc
             ... wielding a +0 war axe
              (4 damage)
             ... on level 10 of the Dungeon.
             The game lasted 00:18:29 (17124 turns).

pkoi the Martial Artist (Demigod Gladiator)        Turns: 17124, Time: 00:18:29

Health: -3/83      AC:  7    Str: 25    XL:     10   Next: 68%
Magic:  13/13      EV: 16    Int: 14    God:
Gold:   360        SH:  0    Dex: 19    Spells: 9/9 levels left

rFire   . . .      SeeInvis .     - Unarmed
rCold   + . .      Faith    .   (no shield)
rNeg    . . .      Spirit   .   u - +0 steam dragon scales
rPois   .          Reflect  .   b - +0 helmet
rElec   .          Harm     .   (no cloak)
rCorr   .          Rampage  .   (no gloves)
Will    +....                   (no boots)
Stlth   ++........              d - amulet of magic regeneration
HPRegen 0.23/turn               f - +6 ring of strength
MPRegen 0.53/turn               o - ring of protection from cold

@: no status effects
A: high MP 1, forlorn, divine attributes
a: no special abilities


You were on level 10 of the Dungeon.
You visited 1 branch of the dungeon, and saw 10 of its levels.

You collected 360 gold pieces.

Inventory:

Hand Weapons
 g - a +0 short sword
 h - a +0 whip
 i - a +0 spear
 j - a +0 dagger
 n - a +0 whip of flaming
 q - a +7 spectral quarterstaff
 D - a +3 dagger of draining
 J - a +1 dagger of venom
Missiles
 c - 4 throwing nets (quivered)
 H - 21 poisoned darts
 I - 2 curare-tipped darts
Armour
 a - a +0 leather armour
 b - a +0 helmet (worn)
 e - a +0 ring mail
 l - a +0 helmet
 m - a +0 plate armour
 u - +0 steam dragon scales (worn)
Jewellery
 d - an amulet of magic regeneration (around neck)
 f - a +6 ring of strength (left hand)
 o - a ring of protection from cold (right hand)
 w - a ring of see invisible
Wands
 s - a wand of flame (10)
 x - a wand of paralysis (12)
 E - a wand of mindburst (9)
 M - a wand of digging (4)
Scrolls
 k - 4 scrolls of teleportation
 r - 2 scrolls of amnesia
 y - 6 scrolls of fear
 A - a scroll of magic mapping
Potions
 p - 2 potions of degeneration {unknown}
 t - a potion of flight
 v - a potion of invisibility
 z - 2 potions of brilliance
 B - a potion of curing
 C - a potion of lignification {unknown}
 F - a potion of berserk rage
 G - a potion of cancellation {unknown}
 K - a potion of magic {unknown}
 L - 2 potions of resistance


   Skills:
 - Level 6.0 Fighting
 - Level 1.7 Throwing
 + Level 5.2 Armour
 + Level 6.1 Dodging
 * Level 12.4 Unarmed Combat
 + Level 1.4 Evocations


You had 9 spell levels left.
You didn't know any spells.
Your spell library contained the following spells:

 Spells                   Type           Power      Damage    Failure   Level
 Dazzling Flash           Conj/Hex       0%         N/A       65%         3
 Passage of Golubria      Tloc           0%         N/A       96%         4
 Summon Ice Beast         Ice/Summ       0%         N/A       96%         4
 Agony                    Necr           0%         N/A       100%        5
 Silence                  Hex/Air        0%         N/A       100%        5
 Summon Mana Viper        Hex/Summ       0%         N/A       100%        5
 Monstrous Menagerie      Summ           0%         N/A       100%        7
 Borgnjor's Revivificati  Necr           0%         N/A       100%        8
 Lehudib's Crystal Spear  Conj/Erth      0%         10d2      100%        8
 Necromutation            Tmut/Necr      0%         N/A       100%        8
 Death's Door             Necr           0%         N/A       100%        9


Dungeon Overview and Level Annotations

Branches:
Dungeon (10/15)            Temple (0/1) D:6            Lair (0/6) D:10
    Orc (0/2) D:10

Annotations:
D:4 Eustachio
D:9 1 runed translucent door, dornbeast's ghost, novice GrBe


Innate Abilities, Weirdness & Mutations

You have an increased reservoir of magic. (+10% MP)
You shall have no god before yourself.
Your divine heritage dramatically boosts your attributes as you level up.


Message History

Unknown command.
You miss the wolf. The hound misses you. The wolf misses you.
The hound bites you but does no damage.
You closely miss the hound. The wolf barely misses you.
A hound comes into view.
The hound bites you but does no damage. The wolf bites you.
* * * LOW HITPOINT WARNING * * *
Unknown command.
You closely miss the hound. You punch the hound.
The hound is moderately wounded.
The wolf bites you.
* * * LOW HITPOINT WARNING * * *
The hound bites you.
* * * LOW HITPOINT WARNING * * *
Unknown command.
You punch the hound!
You kill the hound!
Your surroundings suddenly seem different.
The orc priest shouts!
The centaur shoots an arrow.
The arrow closely misses you.
Unknown command.
The orc shouts!
The centaur shoots an arrow.
The arrow hits you but does no damage. The orc completely misses you.
The orc priest zaps a wand.
The mass of ice explodes!
The iceblast engulfs you! You partially resist.
* * * LOW HITPOINT WARNING * * *
The orc shouts!
You hear a howl! x2
You barely miss the orc. The orc hits you with a +0 war axe.
* * * LOW HITPOINT WARNING * * *
The orc hits you with a +0 hand axe.
* * * LOW HITPOINT WARNING * * *
Unknown command.
You hit the orc priest.
The orc priest is heavily wounded.
The orc priest hits you but does no damage.
You are electrocuted!
* * * LOW HITPOINT WARNING * * *
The orc hits you with a +0 war axe.
You die...

....................# .#
...............##.)#...##
..............###..##.##
...............##..##..#
..................###..#
............####..###..##
............###.......).#
.............#...o###...#
≈≈≈≈≈≈≈......#ho@..##..##
≈####c≈.....c..##o##..###
≈#∩.#≈≈....#>.###.###(..##
≈#.†h≈≈..###.....)###....#
≈#..'≈≈...#.....#.)))...##
≈#..'≈≈.........###))#<..##
≈#>.#≈≈.#........#..##....#
≈####≈≈.#...............####
≈≈≈≈≈≈≈...##....##.........##


You could see a centaur, a hound, an orc priest and 2 orcs.

Vanquished Creatures
  3 two-headed ogres
  2 trolls
  2 wraiths
  Grum (D:9)
  4 yaks (D:9)
  4 steam dragons
  An acid dragon (D:9)
  A water moccasin (D:9)
  3 ice beasts
  4 orc warriors
  A black bear (D:6)
  4 ogres
  A necrophage (D:3)
  4 wolves
  4 centaurs
  3 kobold brigands
  3 gnoll sergeants
  3 bullfrogs
  2 scorpions (D:5)
  A wyvern zombie (D:6)
  2 howler monkeys (D:8)
  An electric eel (D:10)
  A centaur zombie (D:6)
  A bullfrog zombie (D:6)
  6 hounds
  8 orc priests
  A centaur skeleton (D:6)
  2 iguanas (D:5)
  8 orc wizards
  A killer bee zombie (D:6)
  6 adders
  15 gnolls
  A shadow imp (D:8)
  2 worms
  2 dart slugs
  53 orcs
  3 endoplasms
  A giant cockroach (D:1)
  6 goblins
  8 hobgoblins
  2 quokkas
  8 ball pythons
  7 bats
  5 frilled lizards
  19 kobolds
  3 rats
223 creatures vanquished.

Vanquished Creatures (others)
  3 gnolls (D:9)
  A butterfly (D:6)
4 creatures vanquished.

Grand Total: 227 creatures vanquished

Notes
Turn   | Place    | Note
-------+----------+-------------------------------------------
     0 | D:1      | pkoi the Demigod Gladiator began the quest for the Orb.
     0 | D:1      | Reached XP level 1. HP: 17/17 MP: 3/3
   345 | D:1      | Reached skill level 3 in Unarmed Combat
   831 | D:1      | Reached XP level 2. HP: 17/24 MP: 4/4
  1807 | D:2      | Noticed a golden eye
  1811 | D:2      | Noticed a great orb of eyes
  1865 | D:2      | Noticed a great orb of eyes
  1865 | D:2      | Noticed a floating eye
  1970 | D:2      | Reached XP level 3. HP: 29/29 MP: 5/5
  2899 | D:3      | Reached skill level 4 in Unarmed Combat
  3574 | D:3      | Reached XP level 4. HP: 14/37 MP: 6/6
  3994 | D:3      | Noticed a necrophage
  4003 | D:3      | Killed a necrophage
  4004 | D:3      | Reached XP level 5. HP: 45/45 MP: 7/7
  4409 | D:4      | Reached skill level 5 in Unarmed Combat
  4906 | D:4      | Noticed Eustachio
  4998 | D:4      | Noticed an ogre
  5626 | D:4      | Noticed an ogre
  5633 | D:4      | Killed an ogre
  5634 | D:4      | Reached skill level 6 in Unarmed Combat
  5634 | D:4      | Reached XP level 6. HP: 37/51 MP: 8/8
  6608 | D:5      | Entered Level 5 of the Dungeon
  6656 | D:5      | Reached skill level 7 in Unarmed Combat
  7153 | D:5      | Reached XP level 7. HP: 42/57 MP: 9/9
  7783 | D:5      | Identified a scroll of acquirement
  7783 | D:5      | Acquired a +7 spectral quarterstaff
  8170 | D:5      | Reached skill level 8 in Unarmed Combat
  9548 | D:6      | Found a staircase to the Ecumenical Temple.
  9551 | D:6      | Reached skill level 9 in Unarmed Combat
  9555 | D:6      | Reached XP level 8. HP: 63/63 MP: 10/10
 10124 | D:6      | Reached skill level 10 in Unarmed Combat
 10200 | D:6      | Reached skill level 1 in Armour
 11545 | D:7      | Noticed a troll
 11554 | D:7      | Killed a troll
 11555 | D:7      | Reached XP level 9. HP: 56/71 MP: 11/11
 13288 | D:9      | Reached skill level 11 in Unarmed Combat
 13373 | D:9      | Noticed a two-headed ogre
 13379 | D:9      | Killed a two-headed ogre
 13524 | D:8      | Reached skill level 5 in Fighting
 13776 | D:9      | Reached skill level 5 in Dodging
 13960 | D:9      | Found a runed translucent door.
 13961 | D:9      | Noticed dornbeast's ghost (novice GrBe)
 13961 | D:9      | Noticed a +2 hand axe of chaos
 14062 | D:9      | Noticed a two-headed ogre
 14062 | D:9      | Noticed Grum
 14071 | D:9      | Killed a two-headed ogre
 14072 | D:9      | Reached XP level 10. HP: 35/81 MP: 13/13
 14304 | D:9      | Killed Grum
 15312 | D:10     | Entered Level 10 of the Dungeon
 15356 | D:10     | Reached skill level 12 in Unarmed Combat
 15447 | D:10     | Found a staircase to the Orcish Mines.
 15457 | D:10     | Noticed a two-headed ogre
 15465 | D:10     | Killed a two-headed ogre
 15815 | D:10     | Reached skill level 5 in Armour
 16099 | D:9      | Reached skill level 1 in Evocations
 17087 | D:10     | Found a staircase to the Lair.
 17124 | D:10     | HP: 1/83 [orc priest/+1 falchion of electrocution (13)]
 17124 | D:10     | Slain by an orc

Illustrated notes

Levels and vault maps discovered:
D:1:      minmay_arrival_jagged, layout_loops_cross, serial_bayou_pond_e
D:2:      layout_loops_ring, hellmonk_ecumenical_altar_watching_god
D:3:      layout_basic
D:4:      layout_loops_corners, uniq_eustachio
D:5:      layout_layer_cave, minmay_misc_feat_plants, grunt_decor_junction,
          kennysheep_donut
D:6:      layout_loops_corners, nicolae_elyvilon_peaceful_grove,
          minmay_temple_entry_slanted
D:7:      layout_loops_ring
D:8:      layout_rooms
D:9:      layout_loops_cross, ebering_ghost_xom, chequers_garden,
          minmay_misc_feat_encased, minmay_misc_feat_enclosed,
          dk_noncrumbling_4, wad_floor_pattern_1, kennysheep_generic_room_3,
          uniq_grum
D:10:     layout_cave_pools, erik_lair_island, enter_bailey_4, evilmike_minifort

Skill      XL: |  1  2  3  4  5  6  7  8  9 10 |
---------------+-------------------------------+-----
Unarmed Combat | 3 4 6 7 9 10 11 12 | 12.4
Fighting       | 2 3 4 5 6 |  6.0
Armour         | 2 4 5 |  5.2
Dodging        | 3 5 6 |  6.1
Evocations     | 1 |  1.4
Throwing       | |  1.7

Action                   |  1- 3 |  4- 6 |  7- 9 | 10-12 || total
-------------------------+-------+-------+-------+-------++-------
Melee: Unarmed           |   184 |   145 |     7 |   119 ||   455
       Punch             |     6 |     6 |       |    12 ||    24
       Quarterstaff      |       |       |   173 |    17 ||   190
Evoke: Wand              |       |       |     5 |     3 ||     8
  Use: Scroll            |     3 |     3 |    10 |     3 ||    19
       Potion            |       |     1 |       |     1 ||     2
 Stab: Distracted        |       |       |     4 |       ||     4
       Paralysed         |       |       |     5 |     3 ||     8
Armor: Leather armour    |     9 |       |       |       ||     9
       Ring mail         |    24 |       |       |       ||    24
       Plate armour      |    48 |   100 |    96 |    23 ||   267
       Steam dragon scal |       |       |       |    31 ||    31
Dodge: Dodged            |    74 |    47 |    80 |   119 ||   320
